 Dungeon Crawl Stone Soup version 0.31.0-9-g3a7656b989 (webtiles) character file.

Game seed: 12987905913066443609

294 qw the Skirmisher (level 6, -1/36 HPs)
             Began as a Deep Elf Hunter on Feb 2, 2024.
             Slain by a water moccasin (2 damage)
             ... on level 7 of the Dungeon.
             The game lasted 00:00:10 (2290 turns).

qw the Skirmisher (Deep Elf Hunter)                 Turns: 2290, Time: 00:00:10

Health: -1/36      AC:  7    Str: 10    XL:     6   Next: 11%
Magic:  8/8        EV: 11    Int: 14    God:
Gold:   126        SH:  0    Dex: 18    Spells: 5/5 levels left

rFire   . . .        a - +1 shortbow
rCold   . . .        (shield currently unavailable)
rNeg    . . .        c - +0 ring mail
rPois   .            (no helmet)
rElec   .            (no cloak)
rCorr   .            (no gloves)
SInv    .            b - +1 pair of boots
Will    .....        (no amulet)
Stlth   +            (no ring)
HPRegen 0.26/turn    (no ring)
MPRegen 0.11/turn

%: no passive effects
@: lethally poisoned (-1 -> -6), about to teleport, hasted, very quick
A: no striking features
a: no special abilities


You were on level 7 of the Dungeon.
You visited 1 branch of the dungeon, and saw 5 of its levels.

You collected 126 gold pieces.


   Skills:
 - Level 2.5 Fighting
 + Level 9.2 Ranged Weapons
 - Level 2.4 Dodging
 - Level 1.2 Stealth


You had 5 spell levels left.
You didn't know any spells.
Your spell library was empty.

Inventory:

Hand Weapons
 a - a +1 shortbow (weapon)
Armour
 b - a +1 pair of boots (worn)
 c - a +0 ring mail (worn)
Potions
 e - a potion of curing {unknown}
 f - a potion of enlightenment {unknown}
 h - a potion of cancellation
 j - a potion of ambrosia {unknown}
 l - a potion of mutation {unknown}

Dungeon Overview and Level Annotations

Branches:
Dungeon (7/15)
 Temple: D:4-7

Altars:

Shops:
D:4 =

Annotations:
D:4 Eustachio


Message History

You shoot an arrow.
The arrow closely misses the water moccasin.
The water moccasin bites you.
You shoot an arrow. The arrow misses the water moccasin.
The water moccasin bites you but does no damage.
You shoot an arrow. The arrow misses the water moccasin.
The water moccasin bites you but does no damage.
You shoot an arrow. The arrow misses the water moccasin.
The water moccasin misses you.
You shoot an arrow. The arrow barely misses the ice beast.
The water moccasin barely misses you. The ice beast barely misses you.
You shoot an arrow. The arrow closely misses the ice beast.
The water moccasin bites you.
You are poisoned.
The water moccasin poisons you! The ice beast barely misses you.
You shoot an arrow.
The arrow hits the ice beast but does no damage.
The ice beast is lightly wounded.
You feel very sick. The water moccasin barely misses you.
You shoot an arrow.
The arrow hits the ice beast but does no damage.
The ice beast is lightly wounded.
You feel sick. The water moccasin barely misses you.
The ice beast hits you but does no damage.
You shoot an arrow. The arrow hits the ice beast.
The ice beast is lightly wounded.
You feel sick. The water moccasin closely misses you.
The ice beast completely misses you.
You shoot an arrow. The arrow hits the ice beast.
The ice beast is lightly wounded.
You feel sick. The water moccasin bites you. The ice beast hits you.
The ice beast freezes you!
2289 ||| READING scroll of teleportation.
As you read the scroll of teleportation, it crumbles to dust.
You feel strangely unstable.
You feel sick. The water moccasin closely misses you.
You shoot an arrow. The arrow barely misses the ice beast.
You feel sick. The water moccasin bites you.
You die...

..## ... ....... #..
....... . #.. .......
...####.## ?......
..#.....## ....<..
#...#...# ..$....
###..#...##S..>##.
#...#.....@Y......
#.....>..##.......
+...........#+#+#+
+....)....###
+.......###.###### #######
#......####......####......
#.##.....%.........#......#
## #..#..#..>.............#
..........#......###.....#


You could see a water moccasin and an ice beast.

Vanquished Creatures
  A bullfrog (D:7)
  A howler monkey (D:3)
  A hound (D:7)
  A sleepcap (D:7)
  Jessica (D:2)
  6 adders
  2 dart slugs
  An orc (D:3)
  6 bats
  5 endoplasms
  A giant cockroach (D:1)
  7 goblins
  5 hobgoblins
  10 kobolds
  3 ball pythons (D:3)
  5 frilled lizards
  4 rats
60 creatures vanquished.

Notes
Turn   | Place    | Note
-------+----------+-------------------------------------------
     0 | D:1      | qw the Deep Elf Hunter began the quest for the Orb.
     0 | D:1      | Reached XP level 1. HP: 12/12 MP: 3/3
     0 | D:1      | 0 ||| qw: Version: 0.3-a-155-g5e7d8dd
     0 | D:1      | 0 ||| qw: Game counter: 448
     0 | D:1      | 0 ||| qw: Melee chars always use a shield: true
     0 | D:1      | 0 ||| qw: God list: Okawaru
     0 | D:1      | 0 ||| qw: Allow faded altars: false
     0 | D:1      | 0 ||| qw: Do Orc after clearing Dungeon:15 true
     0 | D:1      | 0 ||| qw: Do second Lair branch before Depths: true
     0 | D:1      | 0 ||| qw: Lair rune preference: random
     0 | D:1      | 0 ||| qw: Goals: Normal
     0 | D:1      | 0 ||| PLANNING D:1-11
   180 | D:1      | Reached XP level 2. HP: 16/16 MP: 4/4
   189 | D:1      | Reached skill level 6 in Ranged Weapons
   226 | D:1      | Found a faded altar of an unknown god.
   503 | D:1      | 503 ||| UPGRADING to +0 scale mail.
   513 | D:1      | 513 ||| DROPPING +0 leather armour.
   514 | D:1      | 514 ||| READING scroll labelled RAIL COLUEPT.
   515 | D:1      | 515 ||| READING scroll labelled DAPUTZUCUV.
   604 | D:1      | 604 ||| READING scroll labelled TUDWUM XEIMUF.
   605 | D:1      | 605 ||| READING scroll labelled VUFEDGH BYRISCH.
   605 | D:1      | 605 ||| ENCHANTING +0 shortbow.
   606 | D:1      | 606 ||| READING scroll labelled LUESHU LOOD.
   606 | D:1      | 606 ||| IDENTIFYING emerald potion
   607 | D:1      | 607 ||| READING scroll labelled SIEZUI UVVA.
   608 | D:1      | 608 ||| DROPPING scroll of butterflies.
   775 | D:2      | Reached XP level 3. HP: 20/20 MP: 5/5
   799 | D:2      | Noticed Jessica
   801 | D:2      | Killed Jessica
   802 | D:2      | Reached skill level 7 in Ranged Weapons
   995 | D:2      | Reached XP level 4. HP: 21/25 MP: 6/6
  1323 | D:2      | 1323 ||| READING scroll of identify.
  1323 | D:2      | 1323 ||| IDENTIFYING inky potion
  1324 | D:2      | 1324 ||| DRINKING 3 fizzy sapphire potions.
  1325 | D:2      | 1325 ||| DROPPING potion of attraction.
  1429 | D:3      | Reached skill level 8 in Ranged Weapons
  1809 | D:3      | Reached XP level 5. HP: 29/29 MP: 7/7
  2018 | D:3      | 2018 ||| UPGRADING to +0 pair of boots.
  2023 | D:3      | 2023 ||| UPGRADING to +0 ring mail.
  2033 | D:3      | 2033 ||| DROPPING +0 scale mail.
  2034 | D:3      | 2034 ||| READING scroll of enchant armour.
  2034 | D:3      | 2034 ||| ENCHANTING +0 pair of boots.
  2035 | D:3      | 2035 ||| READING scroll labelled PEC RALIHOHIL.
  2038 | D:3      | 2038 ||| READING scroll labelled ANUQEU HAASUY.
  2038 | D:3      | 2038 ||| ENCHANTING +0 shortbow.
  2057 | D:4      | Found Fesouc's Jewellery Boutique.
  2069 | D:4      | 2069 ||| SHOPLISTING +5 ring of evasion (432 gold, have
                  | 126).
  2069 | D:4      | 2069 ||| SHOPLISTING ring "Gifoniex" {rC- Str+2 Int+6 Dex+7
                  | SInv} (709 gold, have 126).
  2069 | D:4      | 2069 ||| SHOPLISTING ring of poison resistance (240 gold,
                  | have 126).
  2069 | D:4      | 2069 ||| SHOPLISTING ring of protection from cold (300
                  | gold, have 126).
  2085 | D:4      | Noticed Eustachio
  2086 | D:4      | 2086 ||| DRINKING 2 potions of haste.
  2097 | D:4      | You fall into a shaft and drop 3 floors!
  2119 | D:7      | Reached skill level 9 in Ranged Weapons
  2223 | D:7      | Reached XP level 6. HP: 29/36 MP: 8/8
  2273 | D:7      | Noticed an ice beast
  2274 | D:7      | 2274 ||| DRINKING potion of haste.
  2275 | D:7      | Noticed a water moccasin
  2288 | D:7      | HP: 2/36 [ice beast (13)]
  2289 | D:7      | 2289 ||| READING scroll of teleportation.
  2290 | D:7      | Slain by a water moccasin

Levels and vault maps discovered:
D:1:      evilmike_arrival_home_sweet_home, layout_rooms,
          hellmonk_ecumenical_altar_prayer_group
D:2:      layout_loops_ring, minmay_crystal_room, dk_noncrumbling_2,
          serial_bayou_pond_d, minmay_cut_off, uniq_jessica
D:3:      layout_loops_ring
D:4:      layout_basic, nicolae_stop_n_shop_2, uniq_eustachio, uniq_pikel,
          uniq_ijyb
D:7:      layout_cave_pools, mainiacjoe_overflow_catwalk_spiral,
          gammafunk_ghost_wrathful_warriors,
          serial_library_hellmonk_filled_rooms, kennysheep_cluttered_room,
          hangedman_abyss_or_decor_lesser_grid

Skill      XL: |  1  2  3  4  5 |
---------------+----------------+-----
Ranged Weapons | 6 7 8 9 |  9.2
Fighting       | 2 |  2.5
Dodging        | |  2.4
Stealth        | |  1.2

Action                     |  1- 3 |  4- 6 || total
---------------------------+-------+-------++-------
   Fire: Shortbow          |    86 |   147 ||   233
    Use: Scroll            |     6 |     5 ||    11
         Potion            |       |     3 ||     3
 Armour: Leather armour    |     8 |       ||     8
         Scale mail        |     9 |    46 ||    55
         Ring mail         |       |    23 ||    23
  Dodge: Dodged            |    17 |    42 ||    59

Table legend:
 A = Non-vault XP
 B = Vault XP
 C = Vault XP percentage of total XP
 D = Non-vault monster count
 E = Vault monster count
 F = Vault count percentage of total count
                 A         B        C        D         E       F
            +---------+---------+-------+---------+---------+-------
      Total |     374 |      46 |  11.0 |      54 |       6 |  10.0
            +---------+---------+-------+---------+---------+-------
        D:1 |      27 |       6 |  18.2 |      17 |       3 |  15.0
        D:2 |      37 |      40 |  51.9 |      11 |       3 |  21.4
        D:3 |     136 |       0 |   0.0 |      22 |       0 |   0.0
        D:4 |       1 |       0 |   0.0 |       1 |       0 |   0.0
        D:7 |     173 |       0 |   0.0 |       3 |       0 |   0.0
            +---------+---------+-------+---------+---------+-------
